 Dungeon Crawl Stone Soup version 0.25-a0-474-ga8a2ee3166 (webtiles) character file.

Game seed: 15166872212536874353, levelgen mode: deterministic

20 Katashiro the Ruffian (level 2, 0/29 HPs)
             Began as a Troll Monk on Feb 6, 2020.
             Slain by a goblin
             ... wielding a +0 club
             ... led by Robin
              (5 damage)
             ... on level 2 of the Dungeon.
             The game lasted 00:03:40 (984 turns).

Katashiro the Ruffian (Troll Monk)                   Turns: 984, Time: 00:03:41

Health: 0/29       AC:  6    Str: 18    XL:     2   Next: 58%
Magic:  1/1        EV: 10    Int:  6    God:
Gold:   37         SH:  0    Dex: 12    Spells: 1/1 levels left

rFire    . . .     SeeInvis .     - Unarmed
rCold    . . .     Gourm    +   (no shield)
rNeg     . . .     Faith    .   a - +0 robe
rPois    .         Spirit   .   (helmet restricted)
rElec    .         Reflect  .   (no cloak)
rCorr    .         Harm     .   (gloves unavailable)
MR       .....                  (boots unavailable)
Stlth    ++........             (no amulet)
HPRegen  0.49/turn              (no ring)
MPRegen  0.07/turn              (no ring)

@: no status effects
A: large, unfitting armour, claws 3, fast metabolism 3, gourmand, regeneration
1, shaggy fur 1, tough skin 3
a: no special abilities


You were on level 2 of the Dungeon.
You were not hungry.

You visited 1 branch of the dungeon, and saw 2 of its levels.

You collected 37 gold pieces.

Inventory:

Missiles
 g - 12 javelins (quivered)
Armour
 a - a +0 robe (worn)
Scrolls
 d - a scroll of immolation {unknown}
 e - 2 scrolls of remove curse
 f - a scroll of teleportation {unknown}
 h - a scroll of identify
 k - a scroll of magic mapping {unknown}
Potions
 i - a potion of mutation {unknown}
 j - a potion of berserk rage {unknown}
Comestibles
 b - 4 rations


   Skills:
 + Level 2.6 Fighting
 + Level 2.6 Dodging
 - Level 1.0 Stealth
 * Level 3.5 Unarmed Combat


You had one spell level left.
You didn't know any spells.
Your spell library was empty.

Dungeon Overview and Level Annotations

Branches:
Dungeon (2/15)

Altars:

Annotations:
D:2 Robin


Innate Abilities, Weirdness & Mutations

You are too large for most types of armour.
You have claws for hands.
Your metabolism is lightning-fast.
You like to eat raw meat.
Your natural rate of healing is unusually fast.
You are covered in fur. (AC +1)
You have extremely tough skin. (AC +3)


Message History

You scratch Robin.
Robin is heavily wounded.
Robin throws the goblin at you!
The hobgoblin hits you but does no damage.
The goblin barely misses you. The goblin closely misses you.
The goblin hits you with a +0 club. The goblin hits you but does no damage.
You barely miss Robin.
Robin is heavily wounded.
Robin hits you with a +0 dagger.
The goblin hits you but does no damage. x2
The goblin hits you with a +0 dagger. The goblin hits you but does no damage.
The hobgoblin hits you with a +0 club. The goblin hits you with a +0 club!
You closely miss Robin.
Robin is heavily wounded.
The hobgoblin hits you but does no damage.
The goblin closely misses you. Robin hits you with a +0 dagger.
* * * LOW HITPOINT WARNING * * *
The goblin hits you but does no damage. The goblin hits you with a +0 dagger.
* * * LOW HITPOINT WARNING * * *
The goblin hits you with a +0 club.
You die...

########
##......##
####........##
#............#
#............#
#...ggg......#
###gg@g......#
#.ggg.......
##ggl...$...
...........
............
#...........#
##..........#
...........


You could see Robin, 3 hobgoblins, 7 goblins and a frilled lizard.

Vanquished Creatures
  A leopard gecko (D:1)
  A bat (D:1)
  A giant cockroach (D:1)
  3 goblins (D:1)
  3 hobgoblins (D:1)
  A jackal (D:1)
  3 kobolds (D:1)
  2 frilled lizards (D:1)
15 creatures vanquished.

Notes
Turn   | Place    | Note
-------+----------+-------------------------------------------
     0 | D:1      | Katashiro the Troll Monk began the quest for the Orb.
     0 | D:1      | Reached XP level 1. HP: 22/22 MP: 0/0
   419 | D:1      | Reached XP level 2. HP: 29/29 MP: 1/1
   979 | D:2      | Noticed Robin
   984 | D:2      | Slain by a goblin

Levels and vault maps discovered:
D:1:      erik_arrival_cave_to_civilisation [erik_arrival_cave_to_hall],
          layout_basic
D:2:      layout_rooms, minmay_rat_gold_closets, uniq_robin

Action                   || total
-------------------------++-------
Melee: Unarmed           ||    49
  Use: Scroll            ||     2
 Stab: Sleeping          ||     1
  Eat: Chunk             ||     9
Armor: Robe              ||    21
Dodge: Dodged            ||    29

Table legend:
 A = Non-vault XP
 B = Vault XP
 C = Vault XP percentage of total XP
 D = Non-vault monster count
 E = Vault monster count
 F = Vault count percentage of total count
                 A         B        C        D         E       F
            +---------+---------+-------+---------+---------+-------
      Total |      25 |       4 |  13.8 |      13 |       2 |  13.3
            +---------+---------+-------+---------+---------+-------
        D:1 |      25 |       4 |  13.8 |      13 |       2 |  13.3
            +---------+---------+-------+---------+---------+-------
